 Dungeon Crawl Stone Soup version 0.28-a0-512-g960c72b710 (webtiles) character file.

Game seed: 15225342928604962245

182 Lekart the Slasher (level 5, -3/47 HPs)
             Began as a Draconian Chaos Knight on Sept 22, 2021.
             Was a Plaything of Xom.
             Slain by a gnoll (7 damage)
             ... on level 3 of the Dungeon.
             The game lasted 00:02:37 (2406 turns).

Lekart the Slasher (Draconian Chaos Knight)         Turns: 2406, Time: 00:02:37

Health: -3/47      AC:  5    Str: 15    XL:     5   Next: 34%
Magic:  5/5        EV: 12    Int: 12    God:    Xom [*.....]
Gold:   62         SH:  0    Dex: 11    Spells: 4/4 levels left

rFire   . . .      SeeInvis .   a - +0 falchion (chaos)
rCold   . . .      Faith    .   (no shield)
rNeg    . . .      Spirit   .   (armour unavailable)
rPois   .          Reflect  .   (helmet restricted)
rElec   .          Harm     .   (no cloak)
rCorr   .          Rampage  .   (no gloves)
Will    .....                   (no boots)
Stlth   +.........              (no amulet)
HPRegen 0.15/turn               (no ring)
MPRegen 0.09/turn               (no ring)

@: mighty
A: AC +5, unfitting armour, cold-blooded
a: Renounce Religion


You were on level 3 of the Dungeon.
You worshipped Xom.
You were a special plaything of Xom.
You visited 1 branch of the dungeon, and saw 3 of its levels.

You collected 62 gold pieces.

Inventory:

Hand Weapons
 a - a +0 falchion of chaos (weapon)
Missiles
 e - 8 javelins (quivered)
Jewellery
 j - a ring of wizardry
Scrolls
 c - 4 scrolls of identify {unknown}
 g - a scroll of immolation {unknown}
Potions
 b - a potion of attraction {unknown}
 d - a potion of lignification {unknown}
 f - a potion of berserk rage {unknown}
 h - a potion of heal wounds {unknown}
 i - 2 potions of flight {unknown}
 k - a potion of mutation {unknown}


   Skills:
 + Level 4.4 Fighting
 + Level 4.7 Long Blades
 + Level 3.3 Dodging


You had 4 spell levels left.
You didn't know any spells.
Your spell library contained the following spells:

 Spells                   Type           Power      Damage    Failure   Level
 Sting                    Tmut/Pois      0%         1d3       32%         1
 Poisonous Vapours        Pois/Air       0%         N/A       45%         2
 Olgreb's Toxic Radiance  Pois           0%         N/A       97%         4


Dungeon Overview and Level Annotations

Branches:
Dungeon (3/15)

Altars:
Qazlal

Shops:
D:3 !


Innate Abilities, Weirdness & Mutations

Your plain brown scales are hard. (AC +5)
You cannot fit into any form of body armour.
You are cold-blooded and may be slowed by cold attacks.


Message History

A gnoll is wielding a +1 flail of protection.
Found a stone staircase leading up.
The gnoll shouts! x2
There are monsters nearby!
The gnoll closely misses you.
An endoplasm comes into view.
There are monsters nearby!
The gnoll hits you with a +0 halberd!
The endoplasm quivers.
You hit the gnoll.
The gnoll seems to grow stronger.
Xom is highly amused!
The gnoll is moderately wounded.
You barely miss the gnoll. The gnoll barely misses you.
The gnoll hits you from afar with a +0 halberd!
Xom smiles on you.
You feel very mighty all of a sudden.
You are now a special plaything of Xom.
You aren't carrying any items that you can evoke.
Okay, then.
The endoplasm jiggles.
You barely miss the gnoll. "Have a taste of chaos, mortal."
The gnoll's +0 whip erupts in a glittering mayhem of colour.
The gnoll hits you with a +1 whip of chaos.
The gnoll completely misses you.
You hit the gnoll. You tail-slap the gnoll.
The gnoll is almost dead.
The gnoll completely misses you. The gnoll closely misses you.
You barely miss the gnoll.
The gnoll is almost dead.
The gnoll closely misses you.
The gnoll hits you from afar with a +0 halberd!
* * * LOW HITPOINT WARNING * * *
You slash the gnoll!
You kill the gnoll!
The gnoll hits you from afar with a +0 halberd!
* * * LOW HITPOINT WARNING * * *
The gnoll no longer looks unusually strong.
The gnoll hits you from afar with a +0 halberd!
You die...

#.#.# #.# #.#.#
#.#.# #.########.#.#
#J#.# #..........#.#
#.#.##############.#
#.#.......# #.#
#g#######.# #.# #.#
#.# #.# #g#######.#
#.## #.g.@.....#
#... #.#######.#
#)## #.# #.# ### ###
###


You could see 2 gnolls.

Vanquished Creatures
  Terence (D:2)
  Natasha (thrice) (D:2)
  A gnoll (D:3)
  An adder (D:2)
  A worm (D:2)
  A dart slug (D:3)
  3 orcs (D:3)
  7 ball pythons (D:1)
  5 endoplasms
  3 goblins
  6 hobgoblins
  6 jackals (D:1)
  4 kobolds
  2 quokkas (D:2)
  9 bats
  2 frilled lizards
  3 rats
58 creatures vanquished.

Vanquished Creatures (others)
  4 toadstools (D:1)
4 creatures vanquished.

Grand Total: 62 creatures vanquished

Notes
Turn   | Place    | Note
-------+----------+-------------------------------------------
     0 | D:1      | Lekart the Draconian Chaos Knight began the quest for the
                  | Orb.
     0 | D:1      | Reached XP level 1. HP: 19/19 MP: 1/1
    61 | D:1      | XOM: potion effect (invisibility)
    93 | D:1      | Reached XP level 2. HP: 24/26 MP: 2/2
   132 | D:1      | XOM: silly message
   259 | D:1      | Found a faded altar of an unknown god.
   353 | D:1      | XOM: cloud trail
   506 | D:1      | Reached XP level 3. HP: 33/33 MP: 3/3
  1097 | D:2      | Found a stormy altar of Qazlal.
  1257 | D:2      | Noticed Natasha
  1262 | D:2      | Killed Natasha
  1263 | D:2      | Reached XP level 4. HP: 21/40 MP: 4/4
  1278 | D:2      | Noticed Natasha
  1278 | D:2      | XOM: 4-stop teleportation journey
  1284 | D:2      | XOM: potion effect (might)
  1287 | D:2      | Killed Natasha
  1478 | D:2      | Noticed Natasha
  1488 | D:2      | Killed Natasha
  1781 | D:2      | Noticed Terence
  1789 | D:2      | XOM: enchant monster (bad)
  1794 | D:2      | XOM: confuse monster(s)
  1807 | D:2      | Killed Terence
  1808 | D:2      | Reached XP level 5. HP: 19/46 MP: 5/5
  2368 | D:3      | Found Gischil's Distillery.
  2379 | D:3      | XOM: potion effect (might)
  2390 | D:3      | XOM: chaos upgrade
  2393 | D:3      | HP: 2/47 [gnoll (10)]
  2406 | D:3      | Slain by a gnoll

Illustrated notes

Levels and vault maps discovered:
D:1:      ldierk_walled_garden_2, layout_rooms, ebering_ecumenical_altar_hall
D:2:      layout_basic, basic_altar, kennysheep_generic_room_2, uniq_natasha,
          uniq_terence
D:3:      cheibrodos_pilgrimage, layout_basic, serial_shops, shop,
          uniq_crazy_yiuf_cottage

Skill      XL: |  1  2  3  4 |
---------------+-------------+-----
Fighting       | 4 |  4.4
Long Blades    | 4 |  4.7
Dodging        | 3 |  3.3

Action                   |  1- 3 |  4- 6 || total
-------------------------+-------+-------++-------
Melee: Falchion          |   107 |    72 ||   179
       Tailslap          |     6 |     8 ||    14
 Stab: Invisible         |     1 |       ||     1
       Sleeping          |       |     1 ||     1
Armor: Skin              |    44 |    15 ||    59
Dodge: Dodged            |    99 |    59 ||   158

Table legend: (Time is in decaauts)
 A = Elapsed time spent in this place.
 B = Non-inter-level travel time spent in this place.
 C = Inter-level travel time spent in this place.
 D = Time resting spent in this place.
 E = Time spent auto-exploring this place.
 F = Levels seen in this place.
 G = Mean time per level.
                   A        B        C        D        E       F      G
               +--------+--------+--------+--------+--------+-----+--------+
         Total |   2432 |   2363 |     69 |    530 |   1396 |   3 |  810.7 |
       Dungeon |   2432 |   2363 |     69 |    530 |   1396 |   3 |  810.7 |
               +--------+--------+--------+--------+--------+-----+--------+

Top non-repeatable levels by time:
     D:2: 1338 daAuts
     D:1: 816 daAuts
     D:3: 277 daAuts
